 Dungeon Crawl Stone Soup version 0.29-a0-582-ge82337ba6a (webtiles) character file.

Game seed: 12273023532191659550

43 spaghetti the Sneak (level 3, -1/37 HPs)
             Began as a Gnoll Wanderer on June 15, 2022.
             Was a Plaything of Xom.
             Slain by Grinder (3 damage)
             ... on level 3 of the Dungeon.
             The game lasted 00:02:51 (1808 turns).

spaghetti the Sneak (Gnoll Wanderer)                Turns: 1808, Time: 00:02:52

Health: -1/37      AC: 21    Str:  5    XL:     3   Next: 58%
Magic:  16/16      EV:  2    Int: 11    God:    Xom [..*...]
Gold:   81         SH:  0    Dex: 15    Spells: 1/7 levels left

rFire   . . .      SeeInvis .   a - +0 quarterstaff {staff}
rCold   . . .      Faith    .   (shield currently unavailable)
rNeg    . . .      Spirit   .   (body armour currently unavailable)
rPois   +          Reflect  .   (helmet currently unavailable)
rElec   .          Harm     .   (cloak currently unavailable)
rCorr   .          Rampage  .   (gloves currently unavailable)
Will    .....      NoTele   +   (boots currently unavailable)
Stlth   ++++......              r - amulet of magic regeneration {@e2}
HPRegen 0.12/turn               p - ring of magical power
MPRegen 0.55/turn               (no ring)

@: tree-form, attractive
A: stationary, stasis, torment immunity, boosted hp, (fangs 1), strong nose,
distributed training, (iridescent scales 1), dopey 1, weak 1, wild magic 1
a: Renounce Religion


You were on level 3 of the Dungeon.
You worshipped Xom.
You were a toy of Xom.
You were a tree.
You visited 1 branch of the dungeon, and saw 3 of its levels.

You collected 81 gold pieces.


Innate Abilities, Weirdness & Mutations

You are a tree.
Your roots penetrate the ground, keeping you stationary.
You cannot be teleported.
You are immune to unholy pain and torment.
Your maximum health is greatly increased.
Your equipment is partially melded.
((You have very sharp teeth.))
Your uncanny sense of smell can sniff out nearby items.
Your experience applies equally to all skills.
((You are partially covered in iridescent scales. (AC +2)))
You are dopey. (Int -2)
You are weak. (Str -2)
Your spells are a little harder to cast, but a little more powerful.


   Skills:
 + Level 0.8 Fighting
 + Level 0.8 Short Blades
 + Level 0.8 Long Blades
 + Level 0.8 Axes
 + Level 0.8 Maces & Flails
 + Level 0.8 Polearms
 + Level 2.6 Staves
 + Level 0.8 Slings
 + Level 0.8 Bows
 + Level 0.8 Crossbows
 + Level 0.8 Throwing
 + Level 2.6 Armour
 + Level 0.8 Dodging
 + Level 7.8 Stealth
 + Level 0.8 Shields
 + Level 0.8 Unarmed Combat
 + Level 2.8 Spellcasting
 + Level 0.5 Conjurations
 + Level 0.5 Hexes
 + Level 5.4 Summonings
 + Level 0.5 Necromancy
 + Level 0.5 Translocations
 + Level 0.5 Transmutations
 + Level 0.5 Fire Magic
 + Level 0.5 Ice Magic
 + Level 0.5 Air Magic
 + Level 0.5 Earth Magic
 + Level 0.5 Poison Magic
 + Level 1.0 Invocations
 + Level 0.8 Evocations


You had one spell level left.
You knew the following spells:

 Your Spells              Type           Power      Damage    Failure   Level
a - Summon Small Mammal   Summ           68%        N/A       5%          1
b - Call Imp              Summ           17%        N/A       7%          2
c - Call Canine Familiar  Summ           17%        N/A       13%         3

Your spell library contained the following spells:

 Spells                   Type           Power      Damage    Failure   Level
 Gell's Gravitas          Tloc           3%         N/A       63%         3
 Lesser Beckoning         Tloc           3%         N/A       63%         3
 Ozocubu's Armour         Ice            3%         N/A       63%         3
 Teleport Other           Tloc           3%         N/A       63%         3
 Metabolic Englaciation   Hex/Ice        1%         N/A       100%        5
 Simulacrum               Ice/Necr       1%         N/A       100%        6

Inventory:

Hand Weapons
 a - a +0 quarterstaff (weapon) {staff}
Missiles
 l - 45 stones {throwing}
 o - 4 poisoned darts {throwing}
Armour
 b - a +0 pair of gloves (melded)
 d - a +0 robe (melded)
 s - a +0 helmet (melded)
   (You found it on level 2 of the Dungeon)
Magical Staves
 n - a staff of fire {!astaff}
   (You found it on level 1 of the Dungeon)
Jewellery
 p - a ring of magical power (left branch)
   (You found it on level 2 of the Dungeon)
 r - an amulet of magic regeneration (around neck) {@e2}
   (You found it on level 2 of the Dungeon)
Scrolls
 c - 3 scrolls of teleportation {@r4}
 f - 2 scrolls of brand weapon {unknown}
 g - a scroll of magic mapping {unknown}
 h - a scroll of enchant weapon {unknown}
 i - 2 scrolls of identify {unknown}
 j - 2 scrolls of blinking {unknown}
 k - a scroll of enchant armour {unknown}
 t - a scroll of immolation {unknown}
Potions
 e - 6 potions of curing {unknown}
 m - a potion of mutation {!q}

Dungeon Overview and Level Annotations

Branches:
Dungeon (3/15)

Altars:
Xom

Annotations:
D:3 Grinder

#.# #.# +#
#.########.#
####........#.#
#........##.#.##
#.##.###.......##
# #.###<##.$...#
#.....##....#
##.###.##♣#
..........5#
############


You could see Grinder.


Message History

Your hound disappears in a puff of smoke!
You see here a frilled lizard corpse.
Xom snickers.
You do an impromptu tapdance. 😎 HP[+1]
Your hp is fully restored (25).
A hobgoblin is nearby!
A hobgoblin is nearby!
A hobgoblin is nearby!
The hobgoblin shouts!
You sock the hobgoblin!
You kill the hobgoblin!
No target in view!
No target in view!
No target in view!
No target in view!
No target in view!
No target in view!
No target in view!
No target in view!
No target in view!
No target in view!
No target in view!
No target in view!
No target in view!
No target in view!
You see here a frilled lizard corpse.
You open the door.
There is an open door here.
Key pressed, stopping explore.
t - a scroll labelled EHONNE CONN
There is an open door here.
You see here a frilled lizard corpse.
There is a stone staircase leading up here. "Let's try an experiment, hmmm?"
You do an impromptu tapdance.
Xom is getting BORED.
You are now a BORING thing. "How about this?"
You briefly become tangled in your robes.
You are now a toy of Xom.
(D) Dungeon
Where to? (Enter - D:2, ? - help)
There is a stone staircase leading down here.
You climb downwards.
There is a stone staircase leading up here.
Unknown command.
Unknown command.
e - 6 clear potions (gained 1)
You pick up a book of Winter and begin reading...
You add the spells Ozocubu's Armour, Metabolic Englaciation and Simulacrum to your library.
Found a stone staircase leading up.
No target in view!
u - a dark potion Grinder comes into view.
Unknown command.
Casting: Call Canine Familiar (quite dangerous; 8% risk of failure)
Confirm with . or Enter, or press ? or * to list all spells.
The spell is quite dangerous to miscast (8% risk of failure)!
Continue anyway?
Okay, then.
The helpless Grinder fails to defend herself.
You hit Grinder. Grinder hits you!
You writhe in agony.
You are too injured to fight recklessly! 😮 HP[-11]
You take 11 damage, and now have 14/25 hp.
MASSIVE DAMAGE!! (PAUSE) Unknown command.
Grinder gestures at you.
You suddenly lose the ability to move!
Grinder gestures at you. Pain shoots through your body!
* * * LOW HITPOINT WARNING * * *
Xom is mildly amused.
You can move again. 😱 HP[-12]
You take 12 damage, and now have 2/25 hp.
MASSIVE DAMAGE!! (PAUSE) Unknown command.
It was a potion of mutation.
You feel extremely strange.
Iridescent scales grow over part of your body.
You feel stupid.
Xom is highly amused!
You feel weaker.
You feel less in control of your magic. Grinder hits you.
* * * LOW HITPOINT WARNING * * *
😱 HP[-1]
You take 1 damage, and now have 1/25 hp.
Unknown command.
It was a potion of attraction.
You feel attractive to monsters.
Xom roars with laughter!
Grinder gestures at you.
You shrug off the repeated paralysis!
It was a potion of lignification.
You turn into a tree.
Your +0 helmet melds into your body.
Your +0 pair of gloves melds into your body.
Your +0 robe melds into your body.
Your roots penetrate the ground.
Grinder hits you.
You die...
Xom roars with laughter!

Skill      XL: |  1  2  3 |
---------------+----------+-----
Invocations    | 1 |  1.0
Fighting       | |  0.8
Short Blades   | |  0.8
Long Blades    | |  0.8
Axes           | |  0.8
Maces & Flails | |  0.8
Polearms       | |  0.8
Staves         | |  2.6
Slings         | |  0.8
Bows           | |  0.8
Crossbows      | |  0.8
Throwing       | |  0.8
Armour         | |  2.6
Dodging        | |  0.8
Stealth        | |  7.8
Shields        | |  0.8
Unarmed Combat | |  0.8
Spellcasting   | |  2.8
Conjurations   | |  0.5
Hexes          | |  0.5
Summonings     | |  5.4
Necromancy     | |  0.5
Translocations | |  0.5
Transmutations | |  0.5
Fire Magic     | |  0.5
Ice Magic      | |  0.5
Air Magic      | |  0.5
Earth Magic    | |  0.5
Poison Magic   | |  0.5
Evocations     | |  0.8

Action                   || total
-------------------------++-------
Melee: Quarterstaff      ||    73
       Bite              ||     2
 Cast: Summon Small Mamm ||     4
       Call Imp          ||     3
       Call Canine Famil ||     3
  Use: Potion            ||     3
 Stab: Sleeping          ||    15
Armor: Robe              ||    24
Dodge: Dodged            ||    60

Levels and vault maps discovered:
D:1:      grunt_arrival_lava_bath, layout_basic,
          shapermc_ecumenical_altar_starsandcircs, st_stairs_10
D:2:      layout_loops_ring, eino_tiny_chamber, skrybe_limestone_x,
          grunt_decor_cap
D:3:      cheibrodos_pilgrimage, layout_loops_corners,
          grunt_temple_overflow_open, pdpol_wu_jian_five_deadly_venoms,
          serial_shops, nicolae_shop_crystal, kennysheep_small_spiral,
          uniq_grinder

Notes
Turn   | Place    | Note
-------+----------+-------------------------------------------
     0 | D:1      | spaghetti the Gnoll Wanderer began the quest for the Orb.
     0 | D:1      | spaghetti set off with the following items: a +0
                  | quarterstaff {staff}, a +0 pair of gloves, a scroll of
                  | teleportation {@r4}, a +0 robe; and the following spell
                  | memorised: Summon Small Mammal; and the following spells
                  | available to memorise: Call Imp, Call Canine Familiar
     0 | D:1      | Reached XP level 1. HP: 13/13 MP: 4/4
     0 | D:1      | magus.rc [v1.9.6]
   208 | D:1      | Found a faded altar of an unknown god.
   220 | D:1      | Reached XP level 2. HP: 17/19 MP: 2/5
   301 | D:1      | Prayed at the altar of an unknown god.
   301 | D:1      | Became a worshipper of Xom of Chaos
   516 | D:1      | You pick up a book of Displacement and begin reading...
   516 | D:1      | You add the spells Lesser Beckoning, Gell's Gravitas and
                  | Teleport Other to your library.
   573 | D:1      | Reached XP level 3. HP: 19/25 MP: 7/7
   576 | D:1      | Learned a level 2 spell: Call Imp
   580 | D:1      | Learned a level 3 spell: Call Canine Familiar
   779 | D:2      | XOM: cloud trail
  1263 | D:2      | XOM: 7-stop teleportation journey
  1387 | D:2      | Reached skill level 1 in Invocations
  1445 | D:2      | XOM: silly message
  1623 | D:2      | XOM: silly message
  1743 | D:2      | XOM: silly message
  1765 | D:2      | XOM is BORED!
  1765 | D:2      | XOM: silly message
  1791 | D:3      | You pick up a book of Winter and begin reading...
  1791 | D:3      | You add the spells Ozocubu's Armour, Metabolic Englaciation
                  | and Simulacrum to your library.
  1800 | D:3      | Noticed Grinder
  1804 | D:3      | Paralysed by Grinder for 2 turns
  1805 | D:3      | HP: 2/25 [Grinder/nerve-wracking pain (12)]
  1806 | D:3      | Gained mutation: You are partially covered in iridescent
                  | scales. (AC +2) [potion of mutation]
  1806 | D:3      | Gained mutation: You are dopey. (Int -2) [potion of
                  | mutation]
  1806 | D:3      | Gained mutation: You are weak. (Str -2) [potion of
                  | mutation]
  1806 | D:3      | Gained mutation: Your spells are a little harder to cast,
                  | but a little more powerful. [potion of mutation]
  1808 | D:3      | Slain by Grinder

Vanquished Creatures
  3 bats (D:1)
  5 endoplasms
  3 giant cockroaches (D:1)
  3 goblins
  3 hobgoblins
  2 kobolds
  3 quokkas
  3 frilled lizards
  6 rats
31 creatures vanquished.

Vanquished Creatures (collateral kills)
  4 goblins
  A frilled lizard (D:2)
  2 rats
7 creatures vanquished.

Grand Total: 38 creatures vanquished

Table legend:
 A = Non-vault XP
 B = Vault XP
 C = Vault XP percentage of total XP
 D = Non-vault monster count
 E = Vault monster count
 F = Vault count percentage of total count
                 A         B        C        D         E       F
            +---------+---------+-------+---------+---------+-------
      Total |      59 |       3 |   4.8 |      36 |       2 |   5.3
            +---------+---------+-------+---------+---------+-------
        D:1 |      34 |       3 |   8.1 |      20 |       2 |   9.1
        D:2 |      25 |       0 |   0.0 |      16 |       0 |   0.0
            +---------+---------+-------+---------+---------+-------

Illustrated notes

Table legend:
 A = Kills in this place as a percentage of kills in entire the game.
 B = Kills by you in this place as a percentage of kills by you in the entire game.
 C = Kills by friends in this place as a percentage of kills by friends in the entire game.
 D = Other kills in this place as a percentage of other kills in the entire game.
 E = Experience gained in this place as a percentage of experience gained in the entire game.
 F = Experience gained in this place divided by the number of levels of this place that you have seen.
                   A       B       C       D       E      F
               +-------+-------+-------+-------+-------+----------------------
         Total | 100.0 | 100.0 | 100.0 |   N/A | 100.0 |  20.7
       Dungeon | 100.0 | 100.0 | 100.0 |   N/A | 100.0 |  20.7
               +-------+-------+-------+-------+-------+----------------------

Table legend: (Time is in decaauts)
 A = Elapsed time spent in this place.
 B = Non-inter-level travel time spent in this place.
 C = Inter-level travel time spent in this place.
 D = Time resting spent in this place.
 E = Time spent auto-exploring this place.
 F = Levels seen in this place.
 G = Mean time per level.
                   A        B        C        D        E       F      G
               +--------+--------+--------+--------+--------+-----+--------+
         Total |   1820 |   1780 |     40 |      0 |   1484 |   3 |  606.7 |
       Dungeon |   1820 |   1780 |     40 |      0 |   1484 |   3 |  606.7 |
               +--------+--------+--------+--------+--------+-----+--------+

Top non-repeatable levels by time:
     D:2: 1035 daAuts
     D:1: 749 daAuts
     D:3: 36 daAuts
